 Dungeon Crawl Stone Soup version 0.30-a0-439-g9e77e4d916 (webtiles) character file.

Game seed: 5753469160361329034

147056 ShnitzelX2 the Stormcaller (level 17, 0/90 HPs)
             Began as a Tengu Hedge Wizard on Dec 9, 2022.
             Was the Champion of Vehumet.
             Succumbed to poison (dark miasma)
             ... on level 4 of the Swamp on Dec 10, 2022.
             The game lasted 02:00:43 (28676 turns).

ShnitzelX2 the Stormcaller (Tengu Hedge Wizard)    Turns: 28676, Time: 02:00:44

Health: 0/90       AC: 12    Str: 10    XL:     17   Next: 46%
Magic:  15/34      EV: 24    Int: 28    God:    Vehumet [******]
Gold:   4052       SH:  5    Dex: 18    Spells: 4/40 levels left

rFire   . . .      SeeInvis +    a - +12 short sword "Jyivol" {protect, Fly Int-2 SInv}
rCold   + . .      Faith    .    Y - +0 buckler of Temperance {rF- Regen+ Int+8}
rNeg    + + .      Spirit   .    X - +2 robe {rC+ rF+}
rPois   +          Reflect  .    D - +2 hat {SInv}
rElec   +          Harm     .    t - +2 cloak {rPois}
rCorr   .          Rampage  .    v - +2 pair of gloves
Will    +....                    (boots unavailable)
Stlth   +++++++...               b - amulet "Imupsiog" {Acrobat rN+ Dex+3}
HPRegen 1.15/turn                y - ring of poison resistance
MPRegen 0.24/turn                F - ring of Okawaru's Envy {Wiz rElec rN+ Stlth+}

@: lethally poisoned (0 -> -16), flying quickly and evasively, slowed, very slow
A: beak, talons 3, nimble flight
a: Renounce Religion


You were on level 4 of the Swamp.
You worshipped Vehumet.
Vehumet was exalted by your worship.
You visited 4 branches of the dungeon, and saw 26 of its levels.
You also visited: Ossuary and Gauntlet.

You collected 4620 gold pieces.
You spent 568 gold pieces at shops.

Inventory:

Hand Weapons
 a - the +12 short sword "Jyivol" (weapon) {protect, Fly Int-2 SInv}
   (You bought it in a shop on level 7 of the Dungeon)

   It grants its wielder temporary protection when it strikes (+7 to AC).
   Int:       It affects your intelligence (-2).
   SInv:      It lets you see invisible.
   Fly:       It grants you flight.
 z - a +1 dagger of electrocution
 R - a +2 scimitar of flaming
 T - a +1 falchion of holy wrath
Missiles
 l - a throwing net
 B - 9 silver javelins (quivered)
 O - 9 curare-tipped darts
Armour
 t - a +2 cloak of poison resistance (worn)
 v - a +2 pair of gloves (worn)
 D - a +2 hat of see invisible (worn)
 X - a +2 robe of resistance (worn)
 Y - the +0 buckler of Temperance (worn) {rF- Regen+ Int+8}
   (You took it off an orc on level 2 of the Orcish Mines)

   Int:       It affects your intelligence (+8).
   rF:        It makes you vulnerable to fire.
   Regen:     It increases your rate of health regeneration.
Jewellery
 b - the amulet "Imupsiog" (around neck) {Acrobat rN+ Dex+3}
   (You found it in a Gauntlet)

   [amulet of the acrobat]

   It increases your evasion while moving and waiting.
   Dex:       It affects your dexterity (+3).
   rN:        It protects you from negative energy.
 c - a +4 ring of protection
 i - a ring of resist corrosion
 s - the ring of the Tempest {Wiz rPois rF- rC+++ Stlth+}
   (You found it in a Gauntlet)

   [ring of wizardry]

   It improves your spell success rate.
   rF:        It makes you vulnerable to fire.
   rC:        It renders you almost immune to cold.
   rPois:     It protects you from poison.
   Stlth:     It makes you more stealthy.
 y - a ring of poison resistance (left hand)
 F - the ring of Okawaru's Envy (right hand) {Wiz rElec rN+ Stlth+}
   (You found it in a Gauntlet)

   [ring of wizardry]

   It improves your spell success rate.
   rElec:     It insulates you from electricity.
   rN:        It protects you from negative energy.
   Stlth:     It makes you more stealthy.
Wands
 f - a wand of mindburst (33)
 r - a wand of acid (3)
 Q - a wand of roots (5)
 S - a wand of flame (38)
 U - a wand of polymorph (4)
 Z - a wand of digging (3)
Scrolls
 e - 2 scrolls of immolation
 h - 19 scrolls of teleportation
 k - 2 scrolls of amnesia
 m - 5 scrolls of noise
 w - a scroll of vulnerability
 x - 5 scrolls of fear
 C - 7 scrolls of fog
 G - 3 scrolls of poison
 H - 4 scrolls of blinking
 L - 9 scrolls of enchant weapon
 M - 5 scrolls of magic mapping
 N - 3 scrolls of silence
Potions
 d - 2 potions of magic
 g - 5 potions of attraction
 j - 7 potions of heal wounds
 n - 11 potions of curing
 o - 2 potions of ambrosia
 p - 5 potions of might
 u - a potion of haste
 A - 5 potions of cancellation
 E - a potion of resistance
 I - 4 potions of mutation
 J - 5 potions of brilliance
 K - 8 potions of lignification
 V - 2 potions of invisibility
Miscellaneous
 P - a phantom mirror


   Skills:
 - Level 4.8 Fighting
 + Level 8.5 Short Blades
 - Level 3.0 Armour
 + Level 13.9 Dodging
 + Level 13.8 Stealth
 - Level 4.0 Shields
 + Level 12.4 Spellcasting
 * Level 10.7 Conjurations
 - Level 6.9 Summonings
 - Level 0.7 Translocations
 + Level 20.6 Air Magic
 - Level 6.2 Poison Magic


You had 4 spell levels left.
You knew the following spells:

 Your Spells              Type           Power      Damage    Failure   Level
a - Magic Dart            Conj           100%       1d8       1%          1
b - Call Imp              Summ           54%        N/A       1%          2
c - Maxwell's Capacitive  Air            46%        ∞         1%          8
d - Mephitic Cloud        Conj/Pois/Air  73%        N/A       1%          3
e - Airstrike             Air            46%        2d(7-23)  0%          4
f - Olgreb's Toxic Radia  Pois           51%        N/A       1%          4
g - Ignite Poison         Fire/Tmut/Pois 29%        N/A       1%          3
h - Arcjolt               Conj/Air       40%        1d50      1%          5
i - Conjure Ball Lightni  Conj/Air       40%        3x3d14    1%          6

Your spell library contained the following spells:

 Spells                   Type           Power      Damage    Failure   Level
 Apportation              Tloc           42%        N/A       1%          1
 Freeze                   Ice            68%        1d8       1%          1
 Sandblast                Erth           34%        2d9       1%          1
 Slow                     Hex            68%        N/A       1%          1
 Sting                    Tmut/Pois      100%       1d8       1%          1
 Blink                    Tloc           42%        N/A       1%          2
 Cigotuvi's Dreadful Rot  Necr/Pois/Air  100%       N/A       1%          2
 Poisonous Vapours        Pois/Air       100%       N/A       1%          2
 Call Canine Familiar     Summ           54%        N/A       1%          3
 Frozen Ramparts          Ice            34%        1d6       1%          3
 Hailstorm                Conj/Ice       47%        3d11      1%          3
 Spider Form              Tmut/Pois      34%        N/A       1%          3
 Stone Arrow              Conj/Erth      94%        3d12      1%          3
 Ensorcelled Hibernation  Hex/Ice        34%        N/A       2%          2
 Passwall                 Tmut/Erth      14%        N/A       2%          2
 Gell's Gravitas          Tloc           21%        N/A       3%          3
 Teleport Other           Tloc           21%        N/A       3%          3
 Portal Projectile        Hex/Tloc       38%        N/A       4%          3
 Animate Armour           Summ/Erth      74%        N/A       4%          4
 Summon Ice Beast         Ice/Summ       37%        N/A       4%          4
 Anguish                  Hex/Necr       8%         N/A       16%         4
 Leda's Liquefaction      Hex/Erth       8%         N/A       16%         4
 Orb of Destruction       Conj           33%        9d10      4%          7
 Iron Shot                Conj/Erth      23%        9d5       8%          6
 Summon Forest            Summ/Tloc      19%        N/A       9%          5
 Summon Mana Viper        Hex/Summ       37%        N/A       11%         5
 Alistair's Intoxication  Tmut/Pois      22%        N/A       12%         5
 Eringya's Noxious Bog    Tmut/Pois      17%        N/A       17%         6
 Blade Hands              Tmut           8%         N/A       38%         5
 Monstrous Menagerie      Summ           27%        N/A       56%         7
 Summon Hydra             Summ           27%        N/A       56%         7
 Dispersal                Tloc           10%        N/A       85%         6
 Discord                  Hex            8%         N/A       100%        8
 Disjunction              Tloc           10%        N/A       100%        8


Dungeon Overview and Level Annotations

Branches:
Dungeon (15/15)            Temple (0/1) D:6            Lair (5/5) D:9
  Swamp (4/4) Lair:2        Snake (0/4) Lair:3        Slime (0/5) Lair:4
    Orc (2/2) D:10            Elf (0/3) Orc:2        Vaults (0/5) D:13
 Depths (0/4) D:15        Ossuary (visited)         Gauntlet (visited)

Altars:
Cheibriados
Hepliaklqana
Makhleb
Okawaru
Vehumet
Zin
The Shining One

Shops:
D:3 !   D:7 (   D:8 (   Orc:2 (!*[

Annotations:
D:3 2 transporters, baller8008's ghost, amateur MiFi
D:9 4 runed translucent doors, Hubris850's ghost, journeyman MfIE
Lair:1 3 runed translucent doors, Fiod's ghost, journeyman OpAE
Lair:2 1 runed translucent door, MakMorn's ghost, journeyman AtAE
Lair:4 3 runed translucent doors, exclusion: 4 oklob plants, Lufi's ghost, journeyman BaHs


Innate Abilities, Weirdness & Mutations

You have a beak for a mouth.
You have claws for feet.
Your magical nature lets you fly swiftly and evasively.


Message History

The tyrant leech is severely wounded.
The death drake is severely wounded.
You are engulfed in dark miasma.
The tyrant leech misses you. You block the death drake's attack.
Unknown command.
Unknown command.
Casting: Arcjolt (safe; 1% risk of failure)
Confirm with . or Enter, or press ? or * to list all spells.
Electricity surges outward!
The death drake is almost dead.
You kill the tyrant leech!
Vehumet accepts your kill.
You feel your power returning. The death drake barely misses you.
The death drake breathes miasma at you. The foul vapour engulfs you.
You feel as though you will be slow longer.
Unknown command.
You hit the death drake.
Your weapon exudes an aura of protection.
Your kick misses the death drake.
You peck the death drake, but do no damage.
The death drake is almost dead.
You are engulfed in dark miasma.
You are poisoned.
You feel very sick. The death drake completely misses you.
Casting: Arcjolt (safe; 1% risk of failure)
Confirm with . or Enter, or press ? or * to list all spells.
Electricity surges outward!
You kill the death drake!
Vehumet accepts your kill.
You feel your power returning.
You are engulfed in dark miasma.
You are lethally poisoned!
You feel as though you will be slow longer.
* * * LOW HITPOINT WARNING * * *
* * * LOW HITPOINT WARNING * * *
You feel extremely sick.
You feel better.
You are engulfed in dark miasma.
You are poisoned.
* * * LOW HITPOINT WARNING * * *
You die...

♣♣ ♣♣♣..♣♣
♣@...~♣
♣.††...~♣
.~~..~~.♣~.
...§.~~~~~~~.
~..~~~~..~~~..~
...~~~~..~~~..~
♣♣~~~~..~~.~♣§.
♣§.~~...~.♣♣♣♣


There were no monsters in sight!

Vanquished Creatures
  Gastronok (Lair:2)
  A thorn hunter (Swamp:1)
  An orc warlord (Orc:2)
  A ghoul (Swamp:1)
  Nessos (D:12)
  2 bunyips (Swamp:1)
  3 eleionomae
  A minotaur (Gauntlet)
  Josephine (D:11)
  A fire dragon (Lair:5)
  A great orb of eyes (D:15)
  Harold (Lair:1)
  3 ghost crabs (Swamp:1)
  6 hydras
  A rakshasa (D:15)
  A vault guard (D:13)
  3 centaur warriors
  Erolcha (Orc:1)
  Erica (D:9)
  A catoblepas (Lair:1)
  2 death knights
  13 two-headed ogres
  9 alligators
  10 death yaks (Lair:5)
  4 orc high priests (Orc:2)
  4 tengu warriors
  4 boulder beetles
  Nergalle (D:12)
  Urug (Orc:2)
  Sonja (Orc:1)
  A death drake (Swamp:4)
  5 skeletal warriors (D:12)
  Amaemon (Lair:1)
  10 goliath frogs
  A spriggan druid (Swamp:1)
  2 lindwurms (Lair:4)
  8 bog bodies
  5 orc knights
  2 swamp dragons
  A deep elf pyromancer (D:13)
  5 orc sorcerers (Orc:2)
  2 cyclopes
  A shining eye (shapeshifter) (D:15)
  2 oklob plants (Lair:5)
  4 will-o-the-wisps
  15 ugly things
  7 manticores
  5 elephants (Lair:4)
  A guardian serpent (shapeshifter) (D:13)
  4 black mambas
  17 cane toads
  3 gargoyles
  An orange demon (Lair:1)
  A yaktaur (D:13)
  A rime drake (shapeshifter) (D:15)
  2 unseen horrors
  9 rime drakes
  14 komodo dragons
  A kobold demonologist (D:12)
  3 tengu conjurers
  3 meliai (Gauntlet)
  A freezing wraith (D:15)
  A bloated husk (Swamp:2)
  7 trolls
  9 hornets
  11 polar bears
  Prince Ribbit (D:6)
  9 tyrant leeches
  8 slime creatures
  7 raiju (Lair:5)
  21 blink frogs
  6 spriggans
  A centaur simulacrum (D:15)
  2 shadows
  5 wraiths
  12 wyverns
  32 yaks
  7 basilisks
  10 vampire mosquitoes
  Grum (Lair:1)
  6 steam dragons
  11 swamp worms
  7 wargs
  3 acid dragons
  15 water moccasins
  8 hell hounds
  3 swamp drakes
  36 orc warriors
  A hornet zombie (Ossuary)
  4 ice beasts
  9 ogres
  16 black bears
  25 wolves
  10 centaurs
  3 phantoms (D:5)
  A kobold brigand (D:6)
  10 bullfrogs
  A necrophage (D:7)
  3 scorpions
  A water moccasin zombie (Ossuary)
  2 gnoll sergeants
  2 wyvern zombies (Ossuary)
  3 wights (D:8)
  10 killer bees
  4 electric eels
  3 bullfrog zombies (Ossuary)
  8 howler monkeys
  2 jellies
  A centaur zombie (Ossuary)
  2 hounds (D:6)
  33 orc priests
  4 iguanas
  24 orc wizards
  17 hell rats
  2 killer bee zombies (Ossuary)
  A boggart simulacrum (D:15)
  9 mummies
  3 howler monkey zombies (Ossuary)
  9 gnolls
  4 adders
  A white imp (D:6)
  2 ufetubi
  A dart slug (D:1)
  109 orcs
  4 bats
  3 endoplasms
  A giant cockroach (D:1)
  5 goblins
  6 hobgoblins
  2 jackals (D:3)
  6 kobolds
  2 quokkas (D:3)
  2 ball pythons
  2 rats
831 creatures vanquished.

Vanquished Creatures (collateral kills)
  A cane toad (Lair:5)
  A warg (Orc:2)
  3 hell hounds (Lair:5)
  2 water moccasins
  2 sky beasts
  A hornet zombie (Ossuary)
  2 ogres
  3 wolves (Lair:5)
  3 bullfrogs
  A kobold brigand (D:7)
  A gnoll sergeant (D:6)
  A wight (D:8)
  A bullfrog zombie (Ossuary)
  2 orc priests (D:5)
  3 hounds
  2 jellies (D:6)
  5 mummies (Ossuary)
  An orc wizard (D:4)
  3 gnolls
  4 adders
  2 shadow imps (D:5)
  A white imp (D:7)
  A worm (D:5)
  7 orcs
  An endoplasm (D:4)
  3 hobgoblins
  6 jackals
  A quokka (D:4)
  A frilled lizard (D:3)
  A goblin (D:4)
  2 kobolds
68 creatures vanquished.

Vanquished Creatures (others)
  A swamp worm (Swamp:2)
  An orc priest (Orc:2)
  A gnoll (D:8)
  A ball lightning (Swamp:3)
  8 foxfires
  13 fungi
  78 plants
  44 withered plants
147 creatures vanquished.

Grand Total: 1046 creatures vanquished

Notes
Turn   | Place    | Note
-------+----------+-------------------------------------------
     0 | D:1      | ShnitzelX2 the Tengu Hedge Wizard began the quest for the
                  | Orb.
     0 | D:1      | Reached XP level 1. HP: 10/10 MP: 5/5
   274 | D:1      | Reached XP level 2. HP: 15/15 MP: 4/7
   861 | D:1      | Learned a level 2 spell: Call Imp
   903 | D:2      | Reached XP level 3. HP: 18/19 MP: 1/8
  1784 | D:3      | Learned a level 3 spell: Call Canine Familiar
  1801 | D:3      | You fall into a shaft and drop 2 floors!
  1801 | D:5      | Entered Level 5 of the Dungeon
  1820 | D:5      | Noticed a phantom
  2083 | D:3      | Found a faded altar of an unknown god.
  2106 | D:3      | Found a transporter.
  2109 | D:3      | Noticed baller8008's ghost (amateur MiFi)
  2319 | D:3      | Reached XP level 4. HP: 24/24 MP: 9/9
  2325 | D:3      | Found Ruten's Distillery.
  2330 | D:3      | Bought a potion of heal wounds for 70 gold pieces
  2368 | D:3      | Found a transporter.
  2594 | D:4      | Gained mutation: Your magical nature lets you fly swiftly
                  | and evasively. [Tengu growth]
  2594 | D:4      | Reached XP level 5. HP: 28/28 MP: 2/11
  2741 | D:4      | Found an iron altar of Okawaru.
  3068 | D:4      | Noticed a sky beast
  3096 | D:4      | Killed a sky beast
  3097 | D:4      | Reached XP level 6. HP: 32/32 MP: 1/12
  3222 | D:4      | Found a glowing silver altar of Zin.
  3408 | D:4      | Found a radiant altar of Vehumet.
  3419 | D:4      | Became a worshipper of Vehumet
  3654 | D:5      | Reached XP level 7. HP: 36/36 MP: 9/14
  3709 | D:5      | Reached skill level 5 in Summonings
  3993 | D:5      | Reached skill level 1 in Air Magic
  4068 | D:5      | Reached skill level 2 in Air Magic
  4155 | D:5      | Reached skill level 3 in Air Magic
  4192 | D:5      | Reached XP level 8. HP: 39/41 MP: 6/15
  4193 | D:5      | Reached * piety under Vehumet
  4193 | D:5      | Offered knowledge of Sandblast by Vehumet.
  4333 | D:6      | Noticed Prince Ribbit
  4358 | D:5      | Learned a level 3 spell: Mephitic Cloud
  4406 | D:6      | Reached skill level 5 in Conjurations
  4407 | D:6      | Reached skill level 4 in Air Magic
  4815 | D:6      | Reached skill level 1 in Short Blades
  4815 | D:6      | Reached skill level 5 in Air Magic
  5107 | D:6      | Reached skill level 5 in Dodging
  5215 | D:6      | Found a staircase to the Ecumenical Temple.
  5228 | D:6      | Reached skill level 5 in Stealth
  5228 | D:6      | Reached skill level 5 in Spellcasting
  5228 | D:6      | Reached XP level 9. HP: 39/45 MP: 17/17
  5416 | D:6      | Killed Prince Ribbit
  5417 | D:6      | Reached skill level 6 in Air Magic
  5496 | D:7      | Reached skill level 1 in Armour
  5739 | D:7      | Reached ** piety under Vehumet
  5760 | D:7      | Offered knowledge of Shock by Vehumet.
  5778 | D:7      | Reached skill level 7 in Air Magic
  5876 | D:7      | Found Agenk's Antique Weapon Boutique.
  5885 | D:7      | Bought a slimy short sword for 184 gold pieces
  5885 | D:7      | Identified the +12 short sword "Jyivol" {protect, Fly Int-2
                  | SInv} (You bought it in a shop on level 7 of the Dungeon)
  5943 | D:7      | Found a sand-covered staircase.
  5950 | Ossuary  | Entered an ossuary
  6078 | Ossuary  | Reached XP level 10. HP: 49/50 MP: 16/19
  6156 | Ossuary  | Offered knowledge of Inner Flame by Vehumet.
  6237 | Ossuary  | Reached skill level 8 in Air Magic
  6716 | D:8      | Reached *** piety under Vehumet
  6876 | D:8      | Reached skill level 1 in Fighting
  6882 | D:8      | Offered knowledge of Airstrike by Vehumet.
  6900 | D:8      | Learned a level 4 spell: Airstrike
  6974 | D:8      | Found Vufeul's Weapon Shoppe.
  6977 | D:8      | Bought 4 curare-tipped darts for 36 gold pieces
  7015 | D:8      | Found a hazy altar of Hepliaklqana.
  7060 | D:8      | Reached skill level 1 in Poison Magic
  7528 | D:8      | Learned a level 4 spell: Olgreb's Toxic Radiance
  7590 | D:9      | Noticed Erica
  7602 | D:9      | Killed Erica
  7602 | D:9      | Reached **** piety under Vehumet
  7603 | D:9      | Reached skill level 9 in Air Magic
  7614 | D:9      | Found a runed translucent door.
  7614 | D:9      | Noticed a deep elf archer
  7614 | D:9      | Noticed a wolf spider
  7616 | D:9      | Noticed a wizard
  7616 | D:9      | Noticed a five-headed hydra
  7616 | D:9      | Noticed a centaur warrior
  7616 | D:9      | Noticed a deep elf zephyrmancer
  7616 | D:9      | Noticed a four-headed hydra
  7653 | D:9      | Found a runed translucent gate.
  7653 | D:9      | Found a runed translucent gate.
  7654 | D:9      | Found a runed translucent gate.
  7658 | D:9      | Noticed Hubris850's ghost (journeyman MfIE)
  7704 | D:9      | Offered knowledge of Ignite Poison by Vehumet.
  7724 | D:9      | Reached XP level 11. HP: 41/59 MP: 5/21
  7866 | D:9      | Learned a level 3 spell: Ignite Poison
  7881 | D:9      | Found a staircase to the Lair.
  7938 | D:9      | Reached skill level 10 in Air Magic
  7966 | D:9      | Paralysed by a hornet for 1 turns
  8106 | D:9      | Found a glowing golden altar of the Shining One.
  8629 | D:10     | Entered Level 10 of the Dungeon
  8640 | D:10     | Found a staircase to the Orcish Mines.
  8982 | D:10     | Noticed a two-headed ogre
  9001 | D:10     | Killed a two-headed ogre
  9002 | D:10     | Reached skill level 5 in Poison Magic
  9659 | Lair:1   | Entered Level 1 of the Lair of Beasts
  9665 | Lair:1   | Reached skill level 11 in Air Magic
  9666 | Lair:1   | Reached ***** piety under Vehumet
  9666 | Lair:1   | Offered knowledge of Ozocubu's Refrigeration by Vehumet.
  9676 | Lair:1   | Found a runed translucent gate.
  9677 | Lair:1   | Found a runed translucent gate.
  9677 | Lair:1   | Found a runed translucent gate.
  9897 | Lair:1   | Noticed a catoblepas
 10015 | Orc:1    | Entered Level 1 of the Orcish Mines
 10256 | Orc:2    | Entered Level 2 of the Orcish Mines
 10256 | Orc:2    | Noticed a two-headed ogre
 10259 | Orc:2    | Reached XP level 12. HP: 66/66 MP: 23/23
 10274 | Orc:2    | Killed a two-headed ogre
 10400 | Orc:2    | Noticed a two-headed ogre
 10409 | Orc:2    | Killed a two-headed ogre
 10538 | Orc:2    | Noticed a two-headed ogre
 10544 | Orc:2    | Killed a two-headed ogre
 10545 | Orc:2    | Reached skill level 12 in Air Magic
 10686 | Orc:2    | Noticed a two-headed ogre
 10689 | Orc:2    | Killed a two-headed ogre
 10893 | Orc:1    | Noticed Erolcha
 11162 | Orc:2    | Noticed Urug
 11333 | Orc:2    | Killed Urug
 11683 | Orc:2    | Found Poyj's Distillery.
 11689 | Orc:2    | Bought a potion of brilliance for 60 gold pieces
 11695 | Orc:2    | Found Ostrasch's Antique Weapon Shoppe.
 11708 | Orc:2    | Reached skill level 13 in Air Magic
 11896 | Orc:2    | Identified the +0 buckler of Temperance {rF- Regen+ Int+8}
 11909 | Orc:2    | Identified the +0 plate armour of the Eternal Void {+Inv
                  | rC+ Int+4}
 11966 | Orc:2    | Offered knowledge of Arcjolt by Vehumet.
 12280 | Orc:2    | Noticed a two-headed ogre
 12286 | Orc:2    | Killed a two-headed ogre
 12290 | Orc:2    | Reached XP level 13. HP: 72/72 MP: 18/26
 12459 | Orc:2    | Reached skill level 14 in Air Magic
 12582 | Orc:2    | Found a staircase to the Elven Halls.
 12627 | Orc:2    | Noticed an orc warlord
 12666 | Orc:2    | Killed an orc warlord
 13121 | Orc:2    | Found Vusage's Assorted Antiques.
 13132 | Orc:2    | Bought a scroll of identify for 64 gold pieces
 13164 | Orc:2    | Found Moaxt's Antique Armour Shop.
 13173 | Orc:2    | Bought a smouldering leather armour for 154 gold pieces
 13173 | Orc:2    | Identified the +1 leather armour "Danuvas" {Int+2} (You
                  | bought it in a shop on level 2 of the Orcish Mines)
 13311 | Orc:1    | Noticed Sonja
 13313 | Orc:1    | Killed Erolcha
 13314 | Orc:1    | Reached skill level 15 in Air Magic
 13316 | Orc:1    | Killed Sonja
 13433 | Orc:1    | Found a radiant altar of Vehumet.
 13796 | Lair:2   | Reached skill level 10 in Stealth
 13841 | Lair:2   | Identified 2 scrolls of acquirement
 13842 | Lair:2   | Acquired 936 gold pieces
 13844 | Lair:2   | Acquired 1134 gold pieces
 13848 | Lair:2   | Found a runed translucent door.
 13851 | Lair:2   | Noticed MakMorn's ghost (journeyman AtAE)
 13868 | Lair:2   | Reached skill level 10 in Dodging
 13874 | Lair:2   | Learned a level 5 spell: Arcjolt
 13890 | Lair:2   | Noticed Gastronok
 13908 | Lair:2   | Killed Gastronok
 13909 | Lair:2   | Reached skill level 1 in Shields
 14126 | Lair:2   | Offered knowledge of Yara's Violent Unravelling by Vehumet.
 14414 | Lair:2   | Found a staircase to the Swamp.
 14882 | Lair:3   | Found a staircase to the Snake Pit.
 15040 | Lair:3   | Reached skill level 16 in Air Magic
 15431 | Lair:4   | Found a staircase to the Slime Pits.
 15549 | Lair:4   | Reached XP level 14. HP: 76/76 MP: 24/28
 15621 | Lair:4   | Found a runed translucent gate.
 15621 | Lair:4   | Found a runed translucent gate.
 15621 | Lair:4   | Found a runed translucent gate.
 15623 | Lair:4   | Noticed Lufi's ghost (journeyman BaHs)
 16433 | Lair:4   | Reached ****** piety under Vehumet
 16681 | Lair:4   | Reached skill level 17 in Air Magic
 16956 | Lair:5   | Entered Level 5 of the Lair of Beasts
 16973 | Lair:5   | Offered knowledge of Fireball by Vehumet.
 17586 | Lair:5   | Reached skill level 10 in Spellcasting
 17970 | Lair:5   | Reached skill level 18 in Air Magic
 17991 | Lair:5   | Reached XP level 15. HP: 74/81 MP: 3/30
 19034 | Lair:5   | Found a burning altar of Makhleb.
 19400 | Lair:5   | Upgraded the game from 0.30-a0-424-g7412bad402 to
                  | 0.30-a0-439-g9e77e4d916
 19660 | D:11     | Noticed Josephine
 19675 | D:11     | Killed Josephine
 19750 | D:11     | Offered knowledge of Eringya's Noxious Bog by Vehumet.
 19951 | D:11     | Reached skill level 19 in Air Magic
 20177 | D:12     | Noticed Nergalle
 20181 | D:12     | Killed Nergalle
 20192 | D:12     | Found a gate leading to a gauntlet.
 20201 | Gauntlet | Entered a Gauntlet
 20201 | Gauntlet | Found a transporter.
 20201 | Gauntlet | Found a transporter.
 20252 | Gauntlet | Found a transporter.
 20255 | Gauntlet | Found a transporter.
 20255 | Gauntlet | Found a transporter.
 20255 | Gauntlet | Found a transporter.
 20265 | Gauntlet | Found a transporter.
 20269 | Gauntlet | Found a transporter.
 20281 | Gauntlet | Found a transporter.
 20382 | Gauntlet | Found a transporter.
 20386 | Gauntlet | Found a transporter.
 20398 | Gauntlet | Found a transporter.
 20466 | Gauntlet | Reached skill level 5 in Short Blades
 20472 | Gauntlet | Identified the ring of Okawaru's Envy {Wiz rElec rN+
                  | Stlth+}
 20548 | Gauntlet | Identified the ring of the Tempest {Wiz rPois rF- rC+++
                  | Stlth+}
 20586 | Gauntlet | Identified the amulet "Imupsiog" {Acrobat rN+ Dex+3}
 20637 | Gauntlet | Identified the +3 hand axe "Dragonslayer" {vorpal, rN+
                  | Str+3 Dex+8}
 21213 | D:12     | Noticed Nessos
 21220 | D:12     | Killed Nessos
 21378 | D:12     | Found a snail-covered altar of Cheibriados.
 22345 | D:13     | Reached XP level 16. HP: 86/86 MP: 25/32
 22620 | D:13     | Offered knowledge of Orb of Destruction by Vehumet.
 22690 | D:13     | Found a gate to the Vaults.
 23438 | D:15     | Entered Level 15 of the Dungeon
 23495 | D:15     | Identified the +9 hand axe of Loecicvu {freeze, rPois rC+
                  | Will+ Int+2}
 23594 | D:15     | Reached skill level 20 in Air Magic
 24245 | D:15     | Learned a level 7 spell: Orb of Destruction
 24474 | D:15     | Paralysed by a great orb of eyes for 2 turns
 24650 | D:15     | Identified the +6 spear "Nutzubbu" {holy, Will+ Dex+2}
 24665 | D:15     | Found a staircase to the Depths.
 25000 | Lair:1   | Noticed Fiod's ghost (journeyman OpAE)
 25010 | Lair:1   | Noticed Amaemon
 25015 | Lair:1   | Killed Amaemon
 25183 | Lair:1   | Offered knowledge of Maxwell's Capacitive Coupling by
                  | Vehumet.
 25187 | Lair:1   | Noticed Harold
 25192 | Lair:1   | Killed Harold
 25238 | Lair:1   | Learned a level 8 spell: Maxwell's Capacitive Coupling
 25606 | Lair:1   | Noticed Grum
 25610 | Lair:1   | Killed Grum
 25826 | Swamp:1  | Entered Level 1 of the Swamp
 26374 | Swamp:1  | Noticed a thorn hunter
 26380 | Swamp:1  | Killed a thorn hunter
 26558 | Swamp:1  | Reached XP level 17. HP: 90/90 MP: 30/34
 26886 | Swamp:1  | Identified the +8 great sword of a treasure trove {speed,
                  | rC+}
 27391 | Swamp:2  | You are sucked into a shaft and drop 1 floor!
 27398 | Swamp:3  | Reached skill level 10 in Conjurations
 28070 | Swamp:2  | Learned a level 6 spell: Conjure Ball Lightning
 28667 | Swamp:4  | Entered Level 4 of the Swamp
 28676 | Swamp:4  | Succumbed to poison (dark miasma)

Illustrated notes

Levels and vault maps discovered:
D:1:      psy_arrival_wood_between_worlds, layout_rooms, minmay_misc_feat_tiny,
          chequers_serial_rivers_room_b, reono_crystal_passage,
          minmay_misc_feat_doors
D:2:      layout_loops_corners
D:3:      layout_loops_cross, gammafunk_ghost_mausoleum, serial_shops,
          nicolae_shop_hallway_stairs, chequers_ecumenical_altar_island,
          serial_bayou_pond_c
D:4:      layout_rooms, okawaru_trees_1, marbit_many_paths, zin_scriptorium,
          serial_glass, glass_columns_c, glass_columns_b,
          grunt_decor_mini_mirrors
D:5:      layout_basic
D:6:      layout_basic, minmay_temple_entry_wispy, minmay_between,
          uniq_prince_ribbit1
D:7:      layout_cave_pools, serial_shops, shop, gup_ossuary_entry_pyramid
D:8:      layout_cave_pools, nzn_hepliaklqana_mist_gate, serial_shops,
          kennysheep_mini, minivault_27
D:9:      minmay_gate_of_8, layout_loops_corners, lemuel_tele_altar,
          hellmonk_lair_entry_icy, gammafunk_ghost_spectres, uniq_erica
D:10:     layout_gridville, david_orc_2
D:11:     layout_rooms, palyth_stone_intersect, uniq_josephine
D:12:     layout_loops_cross, gauntlet_entry_generic, minmay_misc_feat_encased,
          grunt_ministairs_9, st_stairs_14, chei_slow_surprise, uniq_nergalle,
          uniq_nessos
D:13:     wad_arrow_thing, layout_irregular_city, david_vaults_5, abandoned_shop
D:14:     layout_gridville, pond
D:15:     gammafunk_enter_depths_forms, layout_basic
Lair:1:   layout_chaotic_city, maelrawn_ghost_gauntlet_escape,
          beast_lair_carwin_2, grunt_megastairs_2, uniq_harold, uniq_grum,
          uniq_amaemon
Lair:2:   layout_cave_pods, minmay_swamp_entry_eels,
          hellmonk_ghost_happy_afterlife, uniq_gastronok
Lair:3:   layout_long_grid, dummy_snake_entry, infiniplex_staircase_pool_2
Lair:4:   cheibrodos_lair_overgrown_chateau, layout_layer_cave,
          minmay_slime_entry_oklob_open, gammafunk_ghost_split, special_room
          [special_room_mythical_zoo], chequers_serial_rivers_room_a,
          serial_bayou_pond_d, lemuel_fruit_tree
Lair:5:   hangedman_lair_caniforms_friends, layout_cave_pods,
          guppyfry_lair_end_dragon, nicolae_quartered_pool_super,
          lemuel_oklob_altar
Swamp:1:  layout_basic_swamp, infiniplex_staircase_pool, st_shrine_of_shade
Swamp:2:  layout_basic_swamp, evilmike_swamp_ruin_house_4, swamp_pool1
Swamp:3:  layout_basic_swamp, nicolae_swamp_small_spring
Swamp:4:  swamp_old_school, layout_basic_swamp, hangedman_swamp_dais
Orc:1:    layout_caves, basic_altar, uniq_sonja, uniq_erolcha
Orc:2:    pubby_orc_utopia, uniq_urug

Skill      XL: |  1  2  3  4  5  6  7  8  9 10 11 12 13 14 15 16 17 |
---------------+----------------------------------------------------+-----
Summonings     | 2 3 4 5 6 |  6.9
Conjurations   | 2 3 4 5 6 7 9 10 | 10.7
Dodging        | 3 4 5 6 7 9 10 11 12 13 | 13.9
Stealth        | 3 4 5 6 7 9 10 11 12 13 | 13.8
Spellcasting   | 4 5 6 7 8 9 10 11 12 | 12.4
Air Magic      | 3 5 7 9 11 13 16 18 19 20 | 20.6
Short Blades   | 1 3 6 7 8 |  8.5
Armour         | 2 3 |  3.0
Fighting       | 2 4 |  4.8
Poison Magic   | 3 6 |  6.2
Shields        | 2 4 |  4.0
Translocations | |  0.7

Action                   |  1- 3 |  4- 6 |  7- 9 | 10-12 | 13-15 | 16-18 || total
-------------------------+-------+-------+-------+-------+-------+-------++-------
Melee: Dagger            |    34 |    12 |   117 |     4 |       |       ||   167
       Kick              |     6 |     4 |    51 |    84 |   110 |    43 ||   298
       Peck              |     6 |     2 |    26 |    63 |    63 |    40 ||   200
       Short sword       |       |       |    38 |   256 |   316 |   127 ||   737
       Punch             |       |       |     1 |     1 |       |       ||     2
       Scimitar          |       |       |       |       |     4 |       ||     4
Throw: Dart              |       |     5 |     8 |       |       |       ||    13
       Throwing net      |       |       |       |       |     1 |       ||     1
 Cast: Magic Dart        |    67 |    23 |    19 |    57 |    22 |     6 ||   194
       Call Imp          |    10 |    10 |    20 |     7 |     2 |       ||    49
       Call Canine Famil |       |     9 |    34 |    20 |    11 |       ||    74
       Mephitic Cloud    |       |       |    25 |    68 |    83 |    34 ||   210
       Airstrike         |       |       |       |    18 |    57 |    45 ||   120
       Olgreb's Toxic Ra |       |       |       |    40 |    96 |    25 ||   161
       Ignite Poison     |       |       |       |    42 |   156 |    45 ||   243
       Arcjolt           |       |       |       |       |    41 |    29 ||    70
       Maxwell's Capacit |       |       |       |       |       |    38 ||    38
       Orb of Destructio |       |       |       |       |       |     5 ||     5
       Conjure Ball Ligh |       |       |       |       |       |     1 ||     1
Evoke: Wand              |       |       |     2 |       |     6 |     2 ||    10
  Use: Scroll            |     7 |     3 |     2 |     5 |    16 |     5 ||    38
       Potion            |       |       |     1 |     1 |     1 |     1 ||     4
 Stab: Sleeping          |     2 |     1 |     5 |     5 |    18 |    21 ||    52
       Distracted        |       |       |     1 |     1 |       |       ||     2
       Confused          |       |       |     5 |    34 |    19 |     5 ||    63
       Invisible         |       |       |       |       |     1 |       ||     1
Armor: Robe              |    18 |     5 |    14 |       |    89 |    31 ||   157
       Steam dragon scal |       |       |    29 |    64 |       |       ||    93
Dodge: Dodged            |    42 |     9 |   126 |   163 |   329 |   175 ||   844
Block: Buckler           |       |       |       |     5 |    74 |    38 ||   117

Table legend: (Time is in decaauts)
 A = Elapsed time spent in this place.
 B = Non-inter-level travel time spent in this place.
 C = Inter-level travel time spent in this place.
 D = Time resting spent in this place.
 E = Time spent auto-exploring this place.
 F = Levels seen in this place.
 G = Mean time per level.
                   A        B        C        D        E       F      G
               +--------+--------+--------+--------+--------+-----+--------+
         Total |  26863 |  25442 |   1421 |   5979 |  11708 |  28 |  959.4 |
       Dungeon |  13680 |  12791 |    889 |   2715 |   6361 |  15 |  912.0 |
          Lair |   6809 |   6508 |    301 |   1454 |   3125 |   5 | 1361.8 |
         Swamp |   2155 |   2014 |    141 |    495 |    928 |   4 |  538.8 |
  Orcish Mines |   3371 |   3283 |     88 |   1205 |   1074 |   2 | 1685.5 |
       Ossuary |    371 |    371 |      0 |     18 |     57 |   1 |  371.0 |
      Gauntlet |    475 |    475 |      0 |     90 |    160 |   1 |  475.0 |
               +--------+--------+--------+--------+--------+-----+--------+

Top non-repeatable levels by time:
   Orc:2: 2529 daAuts
  Lair:5: 2095 daAuts
  Lair:4: 1517 daAuts
  Lair:2: 1353 daAuts
     D:9: 1311 daAuts
    D:12: 1235 daAuts
    D:15: 1204 daAuts
     D:5: 1178 daAuts
    D:10: 1099 daAuts
 Swamp:1: 1026 daAuts
  Lair:1: 998 daAuts
     D:1: 887 daAuts
     D:6: 884 daAuts
    D:13: 875 daAuts
     D:4: 872 daAuts
